 Dungeon Crawl Stone Soup version 0.30-a0-920-g7493c07aab (webtiles) character file.

Game seed: 3322738523214407100

782 HoaS the Skirmisher (level 8, -1/56 HPs)
             Began as a Formicid Hunter on Mar 21, 2023.
             Was a Follower of Zin.
             Slain by a black bear (9 damage)
             ... on level 5 of the Dungeon.
             The game lasted 00:11:16 (4147 turns).

HoaS the Skirmisher (Formicid Hunter)               Turns: 4147, Time: 00:11:16

Health: -1/56      AC:  4    Str: 16    XL:     8   Next: 11%
Magic:  8/8        EV: 12    Int:  9    God:    Zin [*.....]
Gold:   323        SH:  0    Dex: 19    Spells: 7/7 levels left

rFire   . . .      SeeInvis +    a - +0 shortbow
rCold   . . .      Faith    .    (no shield)
rNeg    . . .      Spirit   .    c - +0 leather armour
rPois   .          Reflect  .    (helmet unavailable)
rElec   .          Rampage  .    q - +0 cloak
rCorr   .                        (no gloves)
Will    .....                    (no boots)
Stlth   ++                       (no amulet)
HPRegen 0.29/turn                (no ring)
MPRegen 0.11/turn                (no ring)

@: no status effects
A: permanent stasis, dig shafts and tunnels, antennae 3, four strong arms
a: Dig, Shaft Self, Renounce Religion, Recite, Donate Gold


You were on level 5 of the Dungeon.
You worshipped Zin.
Zin was aware of your devotion.
You visited 2 branches of the dungeon, and saw 6 of its levels.

You collected 358 gold pieces.
You donated 35 gold pieces to Zin.

Inventory:

Hand Weapons
 a - a +0 shortbow (weapon)
Armour
 c - a +0 leather armour (worn)
 q - a +0 cloak (worn)
Wands
 d - a wand of roots (4)
 f - a wand of digging (2)
 o - a wand of paralysis (7)
Scrolls
 b - 2 scrolls of immolation
 n - 2 scrolls of magic mapping
Potions
 h - a potion of attraction
 i - a potion of berserk rage {unknown}
 j - a potion of mutation {unknown}
 k - 2 potions of resistance {unknown}
 l - a potion of magic {unknown}


   Skills:
 - Level 2.1 Fighting
 * Level 9.3 Ranged Weapons
 - Level 1.7 Dodging
 - Level 1.2 Stealth
 + Level 1.2 Invocations


You had 7 spell levels left.
You didn't know any spells.
Your spell library contained the following spells:

 Spells                   Type           Power      Damage    Failure   Level
 Foxfire                  Conj/Fire      0%         2x1d4     45%         1
 Slow                     Hex            0%         N/A       45%         1
 Confusing Touch          Hex            0%         N/A       83%         3
 Gell's Gravitas          Tloc           0%         N/A       83%         3
 Summon Guardian Golem    Hex/Summ       0%         N/A       83%         3
 Teleport Other           Tloc           0%         N/A       83%         3
 Vampiric Draining        Necr           0%         2d6       83%         3
 Fireball                 Conj/Fire      0%         3d3       100%        5
 Dispersal                Tloc           0%         N/A       100%        6
 Starburst                Conj/Fire      0%         6d3       100%        6
 Orb of Destruction       Conj           0%         9d5       100%        7
 Spellforged Servitor     Conj/Summ      0%         N/A       100%        7


Dungeon Overview and Level Annotations

Branches:
Dungeon (5/15)             Temple (1/1) D:4

Altars:
Ashenzari
Cheibriados
Dithmenos
Elyvilon
Gozag
Hepliaklqana
Kikubaaqudgha
Makhleb
Nemelex Xobeh
Okawaru
Qazlal
Ru
Trog
Uskayaw
Vehumet
Wu Jian
Xom
Yredelemnul
Zin
The Shining One

Shops:
D:3 ?


Innate Abilities, Weirdness & Mutations

You cannot be hasted, slowed, berserked, paralysed or teleported.
You can dig through walls and to a lower floor.
You have a pair of large antennae on your head. (SInv)
Your four strong arms can wield two-handed weapons with a shield.


Message History

The black bear claws you but does no damage.
The black bear claws you. The black bear closely misses you.
The black bear barely misses you. The black bear closely misses you.
You shoot an arrow. The arrow hits the black bear!
The black bear is severely wounded.
The black bear bites you. The black bear closely misses you.
The black bear barely misses you.
You shoot an arrow. The arrow hits the black bear.
The black bear is severely wounded.
The black bear goes berserk!
You shoot an arrow. The arrow hits the black bear.
The black bear is almost dead.
The black bear bites you but does no damage.
The black bear barely misses you. The black bear claws you.
You shoot an arrow.
The arrow completely misses the black bear.
The black bear bites you! The black bear barely misses you. x2
The black bear bites you. The black bear claws you. x2
You are too injured to fight recklessly!
You shoot an arrow.
The arrow hits the black bear but does no damage.
The black bear is almost dead.
The black bear bites you!
* * * LOW HITPOINT WARNING * * *
The black bear barely misses you. The black bear claws you.
* * * LOW HITPOINT WARNING * * *
You shoot an arrow.
The arrow hits the black bear but does no damage.
The black bear is almost dead.
The black bear misses you. The black bear claws you.
* * * LOW HITPOINT WARNING * * *
The black bear misses you. The black bear bites you!
Zin protects you from harm! The black bear claws you.
* * * LOW HITPOINT WARNING * * *
The black bear barely misses you.
You feel better. The black bear barely misses you.
The black bear claws you but does no damage.
The black bear closely misses you. The black bear bites you!
You die...

### ..
$.###.#
.....
#####..####
.......h@.#
.###.)###.#
#... ###.##
#.# #....#
# ####.#
#.# #.# #.#
#.#


You could see a black bear (berserk).

Vanquished Creatures
  Sigmund (D:2)
  An ogre (D:5)
  A gnoll sergeant (D:3)
  3 scorpions (D:4)
  A hound (D:4)
  An orc priest (D:4)
  Ijyb (D:3)
  2 orc wizards (D:3)
  Robin (D:3)
  4 gnolls
  2 adders (D:3)
  4 worms
  2 dart slugs
  8 orcs
  7 ball pythons
  3 endoplasms
  2 giant cockroaches
  18 goblins
  11 hobgoblins
  3 jackals (D:4)
  4 quokkas
  8 bats
  2 frilled lizards (D:2)
  6 kobolds
  2 rats
98 creatures vanquished.

Vanquished Creatures (others)
  A fungus (D:4)
  A withered plant (D:2)
2 creatures vanquished.

Grand Total: 100 creatures vanquished

Notes
Turn   | Place    | Note
-------+----------+-------------------------------------------
     0 | D:1      | HoaS the Formicid Hunter began the quest for the Orb.
     0 | D:1      | Reached XP level 1. HP: 16/16 MP: 1/1
   147 | D:1      | Reached XP level 2. HP: 22/22 MP: 2/2
   641 | D:2      | Noticed Sigmund
   662 | D:2      | Reached XP level 3. HP: 27/27 MP: 3/3
   694 | D:2      | Found a faded altar of an unknown god.
   809 | D:2      | Reached skill level 5 in Ranged Weapons
  1467 | D:2      | Reached XP level 4. HP: 17/33 MP: 4/4
  1579 | D:3      | Noticed Ijyb
  1587 | D:3      | Killed Ijyb
  1702 | D:3      | Found Eskaq's Magic Scroll Boutique.
  1715 | D:3      | Noticed a gnoll sergeant
  1814 | D:3      | Killed a gnoll sergeant
  1815 | D:3      | Reached skill level 6 in Ranged Weapons
  1815 | D:3      | Reached XP level 5. HP: 30/38 MP: 5/5
  1931 | D:3      | Noticed Robin
  1954 | D:3      | Killed Robin
  1955 | D:3      | Reached XP level 6. HP: 4/44 MP: 6/6
  2634 | D:2      | Killed Sigmund
  2635 | D:2      | Reached skill level 7 in Ranged Weapons
  2806 | D:4      | Reached skill level 8 in Ranged Weapons
  2806 | D:4      | Reached XP level 7. HP: 35/50 MP: 7/7
  2877 | D:4      | Found a radiant altar of Vehumet.
  3296 | D:4      | Found a sparkling altar of Nemelex Xobeh.
  3375 | D:4      | Found a bloodstained altar of Trog.
  3506 | D:4      | Reached skill level 9 in Ranged Weapons
  3652 | D:4      | Found a basalt altar of Yredelemnul.
  3778 | D:4      | Found a staircase to the Ecumenical Temple.
  3876 | Temple   | Entered the Ecumenical Temple
  3987 | Temple   | Became a worshipper of Zin the Law-Giver
  3987 | Temple   | Reached * piety under Zin
  4067 | D:5      | Entered Level 5 of the Dungeon
  4099 | D:5      | Reached skill level 1 in Invocations
  4099 | D:5      | Reached XP level 8. HP: 40/56 MP: 8/8
  4146 | D:5      | Zin protects you from harm!
  4147 | D:5      | Slain by a black bear

Illustrated notes

Levels and vault maps discovered:
D:1:      nzn_arrival_crosshair, layout_basic
D:2:      layout_basic, shapermc_ecumenical_altar_gd, serial_curves,
          eino_curves_04, eino_curves_03, kennysheep_generic_room_5,
          uniq_sigmund
D:3:      layout_rooms, serial_shops, nicolae_shop_waterfront,
          nicolae_eternal_life, uniq_ijyb, uniq_robin
D:4:      layout_cave_pools, mainiacjoe_overflow_boulevard, marbit_many_paths,
          mainiacjoe_overflow_catch_the_wave, temple_green
D:5:      layout_basic, uniq_edmund
Temple:   kb_temple_of_zot

Skill      XL: |  1  2  3  4  5  6  7 |
---------------+----------------------+-----
Ranged Weapons | 5 6 8 9 |  9.3
Invocations    | 1 |  1.2
Fighting       | |  2.1
Dodging        | |  1.7
Stealth        | |  1.2

Action                     |  1- 3 |  4- 6 |  7- 9 || total
---------------------------+-------+-------+-------++-------
  Melee: Unarmed           |       |     1 |       ||     1
         Shortbow          |       |       |     1 ||     1
   Fire: Shortbow          |    72 |    97 |   145 ||   314
    Use: Scroll            |     2 |     5 |     1 ||     8
         Potion            |       |     1 |     3 ||     4
 Armour: Leather armour    |     5 |     5 |    16 ||    26
  Dodge: Dodged            |    17 |    26 |    92 ||   135

Table legend: (Time is in decaauts)
 A = Elapsed time spent in this place.
 B = Non-inter-level travel time spent in this place.
 C = Inter-level travel time spent in this place.
 D = Time resting spent in this place.
 E = Time spent auto-exploring this place.
 F = Levels seen in this place.
 G = Mean time per level.
                   A        B        C        D        E       F      G
               +--------+--------+--------+--------+--------+-----+--------+
         Total |   4208 |   4034 |    174 |    949 |   2299 |   6 |  701.3 |
       Dungeon |   4067 |   3943 |    124 |    949 |   2219 |   5 |  813.4 |
        Temple |    140 |     91 |     49 |      0 |     80 |   1 |  140.0 |
               +--------+--------+--------+--------+--------+-----+--------+

Top non-repeatable levels by time:
     D:3: 1327 daAuts
     D:2: 1098 daAuts
     D:4: 1004 daAuts
     D:1: 557 daAuts
  Temple: 140 daAuts
     D:5: 81 daAuts
